 Dungeon Crawl Stone Soup version 0.29.1-2-gbd0b4ee654 (webtiles) character file.

Game seed: 15673430923217856657

11206 tkbsonic5 the Fighter (level 11, -6/72 HPs)
             Began as a Gargoyle Gladiator on Nov 27, 2022.
             Was an Initiate of Yredelemnul.
             Killed by divine providence
             ... invoked by an orc priest
              (14 damage)
             ... on level 12 of the Dungeon.
             The game lasted 00:53:26 (13106 turns).

tkbsonic5 the Fighter (Gargoyle Gladiator)         Turns: 13106, Time: 00:53:27

Health: -6/72      AC: 21    Str: 23    XL:     11   Next: 74%
Magic:  16/16      EV:  9    Int:  6    God:    Yredelemnul [......]
Gold:   565        SH:  0    Dex: 11    Spells: 10/10 levels left

rFire   . . .      SeeInvis +   w - +3 quarterstaff (chaos)
rCold   . . .      Faith    .   (shield currently unavailable)
rNeg    + + .      Spirit   .   x - +2 chain mail {rPois}
rPois   ∞          Reflect  .   (helmet restricted)
rElec   +          Harm     .   (no cloak)
rCorr   .          Rampage  .   (no gloves)
Will    .....                   (no boots)
Stlth   ..........              (no amulet)
HPRegen 0.22/turn               l - ring of positive energy
MPRegen 0.15/turn               r - ring of see invisible

@: attractive, slowed, very slow
A: sickness immunity, AC +8, negative energy resistance 1, electricity
resistance, torment resistance 1, petrification resistance, horns 1, dopey 1
a: Renounce Religion, Recall Undead Harvest


You were on level 12 of the Dungeon.
You worshipped Yredelemnul.
Yredelemnul was noncommittal.
You visited 1 branch of the dungeon, and saw 12 of its levels.

You collected 565 gold pieces.

Inventory:

Hand Weapons
 g - a +0 dagger of venom
 i - a +0 flail of draining
 v - a +0 short sword of electrocution
 w - a +3 quarterstaff of chaos (weapon)
 C - a +0 shortbow
Missiles
 d - 3 throwing nets
 e - a javelin
 f - 12 poisoned darts (quivered)
 j - 85 stones
Armour
 m - a +0 plate armour
 x - a +2 chain mail of poison resistance (worn)
 J - a +0 kite shield
Jewellery
 l - a ring of positive energy (left hand)
 r - a ring of see invisible (right hand)
 G - a ring of see invisible
Wands
 D - a wand of polymorph (4)
Scrolls
 a - 5 scrolls of immolation
 b - a scroll of torment
 k - 2 scrolls of vulnerability {unknown}
 n - 5 scrolls of amnesia
 u - a scroll of brand weapon {unknown}
 y - 2 scrolls of identify
Potions
 h - a potion of mutation
 o - 2 potions of lignification
 p - 5 potions of curing
 q - a potion of brilliance
 z - 2 potions of cancellation
 A - a potion of flight
 E - a potion of berserk rage {unknown}
 H - 2 potions of magic
Miscellaneous
 F - a box of beasts (inert)


   Skills:
 * Level 9.7 Fighting
 - Level 1.6(5.2) Polearms
 * Level 8.8(8.9) Staves
 + Level 4.2 Throwing
 * Level 9.5 Armour
 - Level 2.4 Dodging
 - Level 2.3 Stealth
 * Level 7.5 Invocations
 + Level 5.8 Evocations


You had 10 spell levels left.
You didn't know any spells.
Your spell library contained the following spells:

 Spells                   Type           Power      Damage    Failure   Level
 Poisonous Vapours        Pois/Air       0%         N/A       99%         2
 Dazzling Flash           Conj/Hex       0%         N/A       100%        3
 Gell's Gravitas          Tloc           0%         N/A       100%        3
 Teleport Other           Tloc           0%         N/A       100%        3
 Corpse Rot               Necr/Pois/Air  0%         N/A       100%        4
 Leda's Liquefaction      Hex/Erth       0%         N/A       100%        4
 Agony                    Necr           0%         N/A       100%        5
 Fireball                 Conj/Fire      0%         3d3       100%        5
 Iskenderun's Battlesphe  Conj           0%         2d6       100%        5
 Lee's Rapid Deconstruct  Erth           0%         3d5*      100%        5
 Silence                  Hex/Air        0%         N/A       100%        5
 Conjure Ball Lightning   Conj/Air       0%         3x3d6     100%        6
 Dispersal                Tloc           0%         N/A       100%        6
 Orb of Destruction       Conj           0%         9d5       100%        7
 Statue Form              Tmut/Erth      Unusable   N/A       N/A         6

Dungeon Overview and Level Annotations

Branches:
Dungeon (12/15)            Temple (0/1) D:4            Lair (0/5) D:10
    Orc (0/2) D:10

Altars:
Ashenzari
Fedhas
Makhleb
Nemelex Xobeh
Sif Muna
Trog
Uskayaw
Wu Jian
Xom
Yredelemnul
Zin
The Shining One

Shops:
D:9 :

Annotations:
D:7 1 runed translucent door, Agrostarius's ghost, novice HOBe
D:12 Gastronok


Innate Abilities, Weirdness & Mutations

You are immune to sickness and miasma.
Your stone body is resilient. (AC +8)
You are immune to poison.
You resist negative energy. (rN+)
You are resistant to electric shocks. (rElec)
You are resistant to unholy torment.
You are immune to petrification.
You have a pair of small horns on your head.
You are dopey. (Int -2)


Message History

25 orcs and an ogre come into view.
An orc knight is wielding a +3 great mace of protection.
An orc warrior is wielding a +1 trident of venom.
An orc is wielding a +0 hand axe of venom.
Found 87 gold pieces.
The orc shouts! x2; The orc priest shouts!
The orc shouts! x2
The orc warrior shouts!
The orc shouts!
The orc warrior shouts!
The orc shouts! x2
The orc warrior shouts!
The orc shouts! x2; The orc priest shouts!
The orc shouts! x2; The ogre shouts!
The orc shouts! x4
The orc hits you but does no damage. x2; The orc closely misses you.
The orc priest is attracted toward you. The orc is attracted toward you.
The orc warrior is attracted toward you.
The orc is attracted toward you.
The orc warrior is attracted toward you.
The orc is attracted toward you. x2; The orc priest is attracted toward you.
The orc warrior is attracted toward you.
The ogre is attracted toward you. The orc is attracted toward you. x3
Okay, then.
Okay, then.
Okay, then.
Okay, then.
Okay, then.
You sock the orc! You burn the orc.
You kill the orc!
The dead are walking!
The orc hits your orc zombie with a +0 morningstar!
Your orc zombie is destroyed!
The orc warrior hits you but does no damage.
The orc priest hits you but does no damage.
The orc hits you but does no damage. The orc is attracted toward you.
The orc warrior attacks as you move away!
The orc warrior hits you with a +0 short sword!
The orc knight roars a battlecry!
The orcs go into a battle-frenzy!
The orc warrior hits you but does no damage.
The orc barely misses you.
The orc warrior hits you with a +0 hand axe!!
* * * LOW HITPOINT WARNING * * *
The orc priest mumbles some strange prayers to Beogh against you.
Beogh smites you!
You die...
Your body rises from the dead as a mindless zombie.

#######+### #o@oooo§.$#
##+######## +.ooooo§..#
#.........# .#oooooo...#
#.......[.#.##oOoooo...#
#.........#.##.oo.o..$$#
#.........((##..§.§..§.#
+.........####.$.§.....#
#......Z..# #.........#
#######w###


You could see an orc knight, 6 orc warriors, an ogre, 2 orc priests and 15 orcs.

Vanquished Creatures
  A two-headed ogre (D:10)
  Pikel (D:4)
  An ugly thing (D:11)
  A kobold demonologist (D:10)
  A troll (D:10)
  Grinder (D:6)
  A hornet (D:9)
  A shadow (D:11)
  Sigmund (D:2)
  3 yaks (D:10)
  2 wraiths
  A wyvern (D:8)
  A vampire mosquito (D:12)
  An acid dragon (D:8)
  3 water moccasins
  5 orc warriors
  Duvessa (D:4)
  2 ice beasts (D:6)
  3 black bears (D:5)
  A sky beast (D:6)
  An ogre (D:3)
  3 centaurs
  3 lemures (D:4)
  A phantom (D:5)
  Blork the orc (D:4)
  3 kobold brigands
  2 bullfrogs
  A gnoll sergeant (D:6)
  A necrophage (D:7)
  4 wights (D:6)
  Dowan (D:4)
  20 killer bees
  2 howler monkeys (D:6)
  A crimson imp (D:5)
  3 jellies
  9 orc priests
  2 hounds
  Crazy Yiuf (D:3)
  Jessica (D:2)
  Terence (D:2)
  15 orc wizards
  Natasha (twice) (D:4)
  4 iguanas
  5 adders
  2 gnolls (D:6)
  A shadow imp (D:3)
  A white imp (D:6)
  2 worms
  A dart slug (D:3)
  53 orcs
  5 endoplasms
  3 giant cockroaches
  6 goblins
  7 hobgoblins
  2 jackals (D:1)
  A quokka (D:4)
  7 ball pythons
  9 bats
  4 frilled lizards (D:1)
  19 kobolds
  8 rats
250 creatures vanquished.

Vanquished Creatures (collateral kills)
  2 two-headed ogres
  A komodo dragon (D:9)
  Edmund (D:6)
  A water moccasin (D:8)
  2 orc warriors (D:5)
  A black bear (D:6)
  A lemure (D:4)
  A centaur (D:8)
  A bullfrog (D:9)
  A wight (D:6)
  6 killer bees
  A jelly (D:4)
  An orc priest (D:10)
  5 orc wizards
  Natasha (D:4)
  3 gnolls (D:6)
  A dart slug (D:4)
  9 orcs
  A bat (D:3)
  A hobgoblin (D:4)
  A ball python (D:4)
  A goblin (D:3)
43 creatures vanquished.

Vanquished Creatures (others)
  An ugly thing zombie (D:11)
  A two-headed ogre zombie (D:10)
  A vampire mosquito zombie (D:12)
  A water moccasin zombie (D:7)
  3 yak zombies (D:10)
  An orc wizard (D:5)
  5 killer bee zombies
  A hound zombie (D:7)
  A spectral crimson imp (D:5)
  An elf zombie (D:4)
  An adder zombie (D:4)
  A felid zombie (D:4)
  An iguana zombie (D:7)
  An orc (D:5)
  A bat zombie (D:3)
  An endoplasm zombie (D:4)
  A goblin zombie (D:4)
  2 hobgoblin zombies
  6 kobold zombies
  22 orc zombies
  4 fungi
57 creatures vanquished.

Grand Total: 350 creatures vanquished

Notes
Turn   | Place    | Note
-------+----------+-------------------------------------------
     0 | D:1      | tkbsonic5 the Gargoyle Gladiator began the quest for the
                  | Orb.
     0 | D:1      | Reached XP level 1. HP: 12/12 MP: 1/1
   542 | D:1      | Reached skill level 1 in Armour
   542 | D:1      | Reached XP level 2. HP: 16/18 MP: 2/2
  1156 | D:1      | Reached XP level 3. HP: 22/22 MP: 3/3
  1390 | D:2      | Found a faded altar of an unknown god.
  1448 | D:2      | Noticed Terence
  1461 | D:2      | Killed Terence
  1462 | D:2      | Reached XP level 4. HP: 6/28 MP: 4/4
  1924 | D:2      | Noticed Sigmund
  1938 | D:2      | Killed Sigmund
  1939 | D:2      | Reached XP level 5. HP: 30/34 MP: 5/5
  1939 | D:2      | Reached XP level 6. HP: 35/39 MP: 6/6
  2095 | D:2      | Noticed Jessica
  2100 | D:2      | Killed Jessica
  2487 | D:3      | Found a basalt altar of Yredelemnul.
  2501 | D:3      | Became a worshipper of Yredelemnul the Dark
  2620 | D:3      | Found a runed translucent door.
  2621 | D:3      | Noticed Crazy Yiuf
  2773 | D:3      | Found a glowing golden altar of the Shining One.
  2842 | D:3      | Paralysed by a goblin for 3 turns
  2900 | D:4      | Noticed Blork the orc
  2916 | D:4      | Killed Blork the orc
  2917 | D:4      | Reached skill level 1 in Polearms
  2919 | D:4      | HP: 2/40 [ogre/+0 giant club (7)]
  3232 | D:3      | Reached skill level 5 in Fighting
  3232 | D:3      | Reached skill level 1 in Evocations
  3232 | D:3      | Reached XP level 7. HP: 44/44 MP: 7/7
  3570 | D:3      | Killed Crazy Yiuf
  3571 | D:3      | Reached skill level 1 in Invocations
  3675 | D:4      | Noticed Natasha
  3682 | D:4      | Killed Natasha
  3818 | D:4      | Noticed Natasha
  3823 | D:4      | Killed Natasha
  3823 | D:4      | Reached * piety under Yredelemnul
  3939 | D:4      | Noticed Natasha
  3945 | D:4      | Killed Natasha
  3946 | D:4      | Reached skill level 5 in Armour
  4127 | D:4      | Noticed Dowan
  4128 | D:4      | Noticed Duvessa
  4138 | D:4      | Killed Dowan
  4139 | D:4      | Reached XP level 8. HP: 33/50 MP: 9/9
  4141 | D:4      | Your ally Natasha died
  4150 | D:4      | Killed Duvessa
  4496 | D:4      | Found a staircase to the Ecumenical Temple.
  4718 | D:4      | Noticed Pikel
  4730 | D:4      | Your ally Duvessa died
  4745 | D:4      | Gained mutation: You have a pair of small horns on your
                  | head. [potion of mutation]
  4745 | D:4      | Gained mutation: You are dopey. (Int -2) [potion of
                  | mutation]
  4756 | D:4      | Killed Pikel
  4757 | D:4      | Reached skill level 5 in Staves
  5343 | D:5      | Entered Level 5 of the Dungeon
  5509 | D:5      | Reached XP level 9. HP: 48/56 MP: 11/11
  5559 | D:5      | Found a shimmering altar of Xom.
  5563 | D:5      | Found a burning altar of Makhleb.
  5805 | D:5      | Reached ** piety under Yredelemnul
  5851 | D:5      | Reached *** piety under Yredelemnul
  5858 | D:5      | Found a runed translucent door.
  5911 | D:5      | Reached **** piety under Yredelemnul
  6248 | D:6      | Reached skill level 1 in Stealth
  6432 | D:6      | Found a hide-covered altar of Uskayaw.
  6432 | D:6      | Found a glowing silver altar of Zin.
  6432 | D:6      | Found a shimmering blue altar of Sif Muna.
  6469 | D:6      | Noticed Grinder
  6488 | D:6      | Killed Grinder
  6756 | D:6      | Reached XP level 10. HP: 59/64 MP: 13/13
  6804 | D:6      | Noticed Edmund
  6812 | D:6      | Found a sparkling altar of Nemelex Xobeh.
  6819 | D:6      | Killed Edmund
  7107 | D:6      | Reached skill level 5 in Invocations
  8475 | D:8      | Reached skill level 5 in Evocations
  8821 | D:8      | Found a broken altar of Ashenzari.
  8958 | D:7      | Found a runed translucent door.
  8960 | D:7      | Found a shimmering altar of Xom.
  8960 | D:7      | Noticed Agrostarius's ghost (novice HOBe)
  8961 | D:7      | Noticed a +0 dagger of chaos
  9363 | D:9      | Found a blossoming altar of Fedhas.
  9422 | D:9      | Found Riuryqusch's Tremendous Tomes.
  9451 | D:9      | Identified the +0 quarterstaff of Pyromania {vorpal, rF+
                  | rC+}
  9546 | D:9      | Noticed a two-headed ogre
  9553 | D:9      | Killed a two-headed ogre
  9554 | D:9      | Reached XP level 11. HP: 36/69 MP: 15/15
  9932 | D:10     | Entered Level 10 of the Dungeon
 10185 | D:10     | Found a staircase to the Lair.
 10458 | D:10     | Noticed a two-headed ogre
 10463 | D:10     | Killed a two-headed ogre
 10706 | D:10     | Found a staircase to the Orcish Mines.
 11003 | D:10     | Noticed a soul eater
 11194 | D:10     | Noticed a two-headed ogre
 11202 | D:10     | Killed a two-headed ogre
 11333 | D:10     | Identified the +6 long sword of the Big Fish {freeze, Int+3
                  | Dex+4}
 11450 | D:10     | Found an ornate altar of the Wu Jian Council.
 11459 | D:10     | Found a bloodstained altar of Trog.
 12070 | D:11     | Noticed a white ugly thing
 12084 | D:11     | Killed a white ugly thing
 12728 | D:11     | Noticed a boulder beetle
 12744 | D:11     | Noticed a broodmother
 12744 | D:11     | a boulder beetle changed into a broodmother
 13057 | D:12     | Noticed Gastronok
 13104 | D:12     | Noticed an orc knight
 13106 | D:12     | Killed from afar by an orc priest

Illustrated notes

Levels and vault maps discovered:
D:1:      ncdulo_smallfort, layout_loops_corners, minmay_misc_feat_alley
D:2:      layout_basic, dreamdust_ecumenical_altar_hidden_monk_grotto,
          grunt_ministairs_10, uniq_terence, uniq_sigmund, uniq_jessica
D:3:      layout_loops_ring, lemuel_doored_altar, lemuel_round_altar,
          uniq_crazy_yiuf_cottage
D:4:      layout_layer_cave, minmay_temple_entry_antechambers,
          cheibrodos_sewer_entry_sluice, uniq_blork_the_orc, uniq_natasha,
          uniq_duvessa, uniq_pikel
D:5:      layout_loops_ring, grunt_temple_overflow_champion_of_chaos,
          lightli_church_of_beogh
D:6:      layout_loops_ring, mainiacjoe_overflow_catwalk,
          gammafunk_temple_overflow_claw, uniq_edmund, uniq_grinder
D:7:      layout_rooms, ebering_ghost_xom
D:8:      layout_basic, mainiacjoe_overflow_tiny_flanked, st_stairs_11
D:9:      layout_gridville, fedhas_altar_2, grunt_ministairs_7,
          nicolae_shop_i_like_big_books
D:10:     layout_loops_corners, mainiacjoe_overflow_swirl, dpeg_oklobed_lair,
          david_orc_4
D:11:     layout_loops_corners
D:12:     layout_roguey [special_room_orc], nicolae_dithmenos_shadow_blocks,
          uniq_gastronok, uniq_nergalle, uniq_urug

Skill      XL: |  1  2  3  4  5  6  7  8  9 10 11 |
---------------+----------------------------------+-----
Armour         | 1 2 3 4 5 6 7 8 9 |  9.5
Fighting       | 3 4 5 6 7 8 9 |  9.7
Staves         | 4 5 6 7 8 |  8.8
Polearms       | 1 |  1.6
Evocations     | 1 2 3 4 5 |  5.8
Invocations    | 1 3 4 6 7 |  7.5
Stealth        | 2 |  2.3
Throwing       | 2 3 4 |  4.2
Dodging        | |  2.4

Action                   |  1- 3 |  4- 6 |  7- 9 | 10-12 || total
-------------------------+-------+-------+-------+-------++-------
Melee: Quarterstaff      |    87 |    17 |   268 |   382 ||   754
       Dagger            |    27 |    30 |       |       ||    57
       Punch             |     1 |       |       |       ||     1
       Halberd           |       |    36 |    15 |       ||    51
       Headbutt          |       |       |    30 |    49 ||    79
Throw: Javelin           |     1 |       |       |     1 ||     2
       Dart              |       |       |       |     9 ||     9
       Throwing net      |       |       |       |     4 ||     4
Invok: Dark Bargain      |       |       |     4 |    11 ||    15
       Recall Undead Har |       |       |       |     7 ||     7
Evoke: Wand              |       |     2 |     8 |     8 ||    18
       Box of beasts     |       |       |       |     1 ||     1
  Use: Scroll            |     4 |     2 |     7 |    11 ||    24
       Potion            |     2 |     5 |     9 |     6 ||    22
 Stab: Paralysed         |       |     2 |     9 |     7 ||    18
       Distracted        |       |       |     3 |       ||     3
       Invisible         |       |       |     3 |       ||     3
       Confused          |       |       |     1 |       ||     1
       Held in net/web   |       |       |       |     1 ||     1
Armor: Leather armour    |    55 |       |       |       ||    55
       Scale mail        |       |    23 |       |       ||    23
       Chain mail        |       |    25 |   163 |   326 ||   514
Dodge: Dodged            |    93 |    43 |   110 |   203 ||   449
